 Dungeon Crawl Stone Soup version 0.29.0-4-gdea44cf6ec (webtiles) character file.

Game seed: 9291490845525863914

55 qw the Chopper (level 3, -1/21 HPs)
             Began as a Tengu Warper on Aug 28, 2022.
             Succumbed to a kobold's poison
             ... on level 3 of the Dungeon.
             The game lasted 00:00:09 (2293 turns).

qw the Chopper (Tengu Warper)                       Turns: 2293, Time: 00:00:09

Health: -1/21      AC:  9    Str: 10 (13) XL:     3   Next: 93%
Magic:  7/7        EV:  8    Int: 11 (13) God:
Gold:   90         SH:  0    Dex: 11 (13) Spells: 6/6 levels left

rFire   . . .      SeeInvis .   Y - +0 hand axe
rCold   . . .      Faith    .   (no shield)
rNeg    . . .      Spirit   .   g - +0 scale mail
rPois   .          Reflect  .   (helmet restricted)
rElec   .          Harm     .   d - +2 cloak
rCorr   .          Rampage  .   (no gloves)
Will    .....                   (boots unavailable)
Stlth   ..........              (no amulet)
HPRegen 0.07/turn               (no ring)
MPRegen 0.10/turn               (no ring)

@: lethally poisoned (-1 -> -12)
A: beak, talons 3
a: no special abilities


You were on level 3 of the Dungeon.
You visited 1 branch of the dungeon, and saw 3 of its levels.

You collected 90 gold pieces.


Innate Abilities, Weirdness & Mutations

You have a beak for a mouth.
You have claws for feet.


   Skills:
 - Level 2.0 Fighting
 + Level 4.5 Axes
 - Level 1.0 Throwing
 - Level 1.1 Armour
 - Level 2.1 Dodging
 - Level 2.0 Spellcasting
 - Level 2.4 Translocations


You had 6 spell levels left.
You didn't know any spells.
Your spell library contained the following spells:

 Spells                   Type           Power      Damage    Failure   Level
 Blink                    Tloc           12%        N/A       75%         2
 Gell's Gravitas          Tloc           6%         N/A       93%         3
 Lesser Beckoning         Tloc           6%         N/A       93%         3
 Teleport Other           Tloc           6%         N/A       93%         3
 Manifold Assault         Tloc           6%         N/A       100%        5

Inventory:

Hand Weapons
 i - a +0 whip
 Y - a +0 hand axe (weapon)
Armour
 d - a +2 cloak (worn)
 g - a +0 scale mail (worn)
Scrolls
 a - a scroll of identify
Potions
 f - a potion of curing

Dungeon Overview and Level Annotations

Branches:
Dungeon (3/15)

Altars:


Message History

There is a stone staircase leading up here.
You hit the giant cockroach but do no damage.
The giant cockroach bites you but does no damage.
You closely miss the giant cockroach. You claw the giant cockroach.
You kill the giant cockroach!
You feel your willpower return.
You now have 90 gold pieces (gained 7).
A kobold comes into view. It is wielding a +0 short sword.
Found a scroll labelled KUENLONLAE.
Enter note: The kobold throws a stone.
The stone closely misses you.
A kobold comes into view.
It is wielding a +0 dagger and quivering poisoned darts.
2281 ||| Stepping ~*~*~tactically~*~*~ (stealth).
The kobold shouts!
The kobold throws a poisoned dart.
The poisoned dart hits you.
You are poisoned.
The kobold throws a stone.
The stone barely misses you.
You feel sick.
The kobold throws a poisoned dart.
The poisoned dart hits you!
You are more poisoned.
You feel very sick.
The kobold throws a stone.
The stone barely misses you.
2285 ||| FLEEEEING.
You feel very sick.
2286 ||| FLEEEEING.
You feel sick.
The kobold throws a stone.
The stone hits you but does no damage.
2287 ||| FLEEEEING.
You feel sick.
The kobold throws a stone.
The stone hits you but does no damage.
2288 ||| FLEEEEING.
You feel sick.
2289 ||| FLEEEEING.
You feel sick.
The kobold throws a poisoned dart.
The poisoned dart hits you!
You are lethally poisoned!
2290 ||| FLEEEEING.
You feel very sick.
2291 ||| FLEEEEING.
You feel sick.
You feel sick.
The kobold throws a poisoned dart.
The poisoned dart hits you.
You are more poisoned.
2293 ||| FLEEEEING.
You die...

#### #..## ##..##
#...#### #.#...K##
#######....#..#
#........#..KKK......
..###...........###......
........@................
......%<........... .....
.........................
..###............... ....
# #............... ...?
#...............
#.............
#............
............


There were no monsters in sight!

Vanquished Creatures
  A hound (D:2)
  An endoplasm (D:1)
  2 giant cockroaches
  3 goblins (D:1)
  5 hobgoblins
  2 kobolds
  A quokka (D:2)
  2 ball pythons (D:1)
  2 bats
  3 frilled lizards (D:1)
22 creatures vanquished.

Notes
Turn   | Place    | Note
-------+----------+-------------------------------------------
     0 | D:1      | qw the Tengu Warper began the quest for the Orb.
     0 | D:1      | Reached XP level 1. HP: 12/12 MP: 4/4
     0 | D:1      | 0 ||| qw: Version: 0.1-a-89-g26bdef1
     0 | D:1      | 0 ||| qw: Game counter: 2443
     0 | D:1      | 0 ||| qw: Always use a shield: true
     0 | D:1      | 0 ||| qw: God list: Okawaru
     0 | D:1      | 0 ||| qw: Allow faded altars: false
     0 | D:1      | 0 ||| qw: Do Orc after D:15 true
     0 | D:1      | 0 ||| qw: Do second Lair branch before Depths: true
     0 | D:1      | 0 ||| qw: Lair rune preference: random
     0 | D:1      | 0 ||| qw: Plans: Normal
     0 | D:1      | 0 ||| PLANNING D:1-11
   362 | D:1      | Reached XP level 2. HP: 17/17 MP: 6/6
   388 | D:1      | Reached skill level 3 in Axes
   610 | D:1      | 610 ||| DROPPING +0 club.
  1318 | D:1      | 1318 ||| UPGRADING to +0 scale mail.
  1328 | D:1      | 1328 ||| DROPPING +0 leather armour.
  1329 | D:1      | 1329 ||| READING 2 scrolls labelled XAOGREKARI.
  1330 | D:1      | 1330 ||| READING 2 scrolls labelled ROAVAR MUNINI.
  1331 | D:1      | 1331 ||| DRINKING 3 bubbling silvery potions.
  1332 | D:1      | 1332 ||| DRINKING 2 grey potions.
  1333 | D:1      | 1333 ||| DROPPING scroll of blinking.
  1334 | D:1      | 1334 ||| DROPPING 2 potions of degeneration.
  1335 | D:1      | 1335 ||| DROPPING scroll of poison.
  1336 | D:1      | 1336 ||| Stepping randomly (stuck).
  1337 | D:1      | 1337 ||| Stepping ~*~*~tactically~*~*~ (cloud).
  1341 | D:1      | HP: 4/17 [poisoned by you (poison gas)]
  1961 | D:2      | Reached XP level 3. HP: 21/21 MP: 7/7
  2227 | D:2      | 2227 ||| UPGRADING to +2 cloak.
  2232 | D:2      | 2232 ||| READING scroll labelled LAMOMAGHIEDGH.
  2233 | D:2      | 2233 ||| READING scroll labelled NIMUECV INTILI.
  2234 | D:2      | 2234 ||| READING scroll labelled ULUYSED GOINTE.
  2247 | D:3      | 2247 ||| STAIRDANCE
  2254 | D:2      | Reached skill level 4 in Axes
  2281 | D:3      | 2281 ||| Stepping ~*~*~tactically~*~*~ (stealth).
  2285 | D:3      | 2285 ||| FLEEEEING.
  2286 | D:3      | 2286 ||| FLEEEEING.
  2287 | D:3      | 2287 ||| FLEEEEING.
  2288 | D:3      | 2288 ||| FLEEEEING.
  2289 | D:3      | 2289 ||| FLEEEEING.
  2290 | D:3      | 2290 ||| FLEEEEING.
  2290 | D:3      | HP: 5/21 [poisoned by a kobold]
  2291 | D:3      | 2291 ||| FLEEEEING.
  2292 | D:3      | HP: 1/21 [poisoned by a kobold]
  2293 | D:3      | 2293 ||| FLEEEEING.
  2293 | D:3      | Succumbed to a kobold's poison

Levels and vault maps discovered:
D:1:      noname_arrival_rooms_in_the_neighbourhood, layout_basic
D:2:      layout_basic, chequers_avenue
D:3:      layout_rooms, basic_ecumenical_altar

Skill      XL: |  1  2  3 |
---------------+----------+-----
Axes           | 3 4 |  4.5
Fighting       | |  2.0
Throwing       | |  1.0
Armour         | |  1.1
Dodging        | |  2.1
Spellcasting   | |  2.0
Translocations | |  2.4

Action                   || total
-------------------------++-------
Melee: Hand axe          ||    45
       Kick              ||    10
       Peck              ||     2
       Punch             ||     1
Throw: Boomerang         ||     7
  Use: Scroll            ||     5
       Potion            ||     2
Armor: Scale mail        ||    15
       Leather armour    ||     5
Dodge: Dodged            ||    20

Table legend:
 A = Non-vault XP
 B = Vault XP
 C = Vault XP percentage of total XP
 D = Non-vault monster count
 E = Vault monster count
 F = Vault count percentage of total count
                 A         B        C        D         E       F
            +---------+---------+-------+---------+---------+-------
      Total |      79 |       0 |   0.0 |      22 |       0 |   0.0
            +---------+---------+-------+---------+---------+-------
        D:1 |      26 |       0 |   0.0 |      16 |       0 |   0.0
        D:2 |      51 |       0 |   0.0 |       5 |       0 |   0.0
        D:3 |       2 |       0 |   0.0 |       1 |       0 |   0.0
            +---------+---------+-------+---------+---------+-------
